 Dungeon Crawl Stone Soup version 0.27.1-33-g824d729ab1 (webtiles) character file.

Game seed: 9650351194909361922

45 zeram the Sneak (level 3, 0/19 HPs)
             Began as a Kobold Enchanter on Dec 4, 2021.
             Killed from afar by an orc wizard (10 damage)
             ... with a puff of flame
             ... on level 3 of the Dungeon.
             The game lasted 00:02:52 (2378 turns).

zeram the Sneak (Kobold Enchanter)                  Turns: 2378, Time: 00:02:53

Health: 0/19       AC:  2    Str:  5    XL:     3   Next: 90%
Magic:  3/7        EV: 15    Int: 17    God:
Gold:   874        SH:  0    Dex: 15    Spells: 5/7 levels left

rFire    . . .     SeeInvis .   c - +0 dagger (speed)
rCold    . . .     Faith    .   (shield restricted)
rNeg     . . .     Spirit   .   b - +0 robe
rPois    .         Reflect  .   (no helmet)
rElec    .         Harm     .   (no cloak)
rCorr    .         Rampage  .   (no gloves)
Will     .....                  (no boots)
Stlth    ++++......             (no amulet)
HPRegen  0.06/turn              (no ring)
MPRegen  0.10/turn              (no ring)

@: no status effects
A: small, no large weapons, nightstalker 3
a: no special abilities


You were on level 3 of the Dungeon.
You visited 1 branch of the dungeon, and saw 3 of its levels.

You collected 874 gold pieces.

Inventory:

Hand Weapons
 a - a +1 dagger
 c - a +0 dagger of speed (weapon)
Armour
 b - a +0 robe (worn)
Potions
 e - a potion of cancellation
 g - a potion of invisibility {unknown}


   Skills:
 - Level 1.3 Short Blades
 - Level 2.4 Dodging
 + Level 5.8 Stealth
 + Level 2.7 Spellcasting
 - Level 3.0 Hexes


You had 5 spell levels left.
You knew the following spells:

 Your Spells              Type           Power      Damage    Failure   Level
b - Ensorcelled Hibernat  Hex/Ice        14%        N/A       14%         2

Your spell library contained the following spells:

 Spells                   Type           Power      Damage    Failure   Level
 Corona                   Hex            13%        N/A       5%          1
 Confusing Touch          Hex            12%        N/A       16%         3
 Tukima's Dance           Hex            12%        N/A       16%         3
 Dazzling Flash           Conj/Hex       14%        N/A       28%         3


Dungeon Overview and Level Annotations

Branches:
Dungeon (3/15)

Altars:


Innate Abilities, Weirdness & Mutations

You are small and have problems with some larger weapons.
You are completely attuned to the shadows.


Message History

There are monsters nearby!
There are monsters nearby!
There are monsters nearby!
Casting: Ensorcelled Hibernation (safe; 14% risk of failure)
Confirm with . or Enter, or press ? or * to list all spells.
Aiming: Ensorcelled Hibernation (safe; 14% risk of failure)
Press: ? - help, Shift-Dir - straight line, f - orc
Aim: an orc, wielding a +0 falchion (chance to affect: 56%)
The orc resists with significant effort.
An orc wizard comes into view. It is wielding a +1 dagger of speed.
The orc misses you.
Casting: Ensorcelled Hibernation (safe; 14% risk of failure)
Confirm with . or Enter, or press ? or * to list all spells.
Aiming: Ensorcelled Hibernation (safe; 14% risk of failure)
Press: ? - help, Shift-Dir - straight line, f/p - orc
Aim: an orc, wielding a +0 falchion (chance to affect: 56%)
The orc looks drowsy...
The helpless orc fails to defend itself.
You impale the orc!!
You kill the orc!
Casting: Ensorcelled Hibernation (safe; 14% risk of failure)
Confirm with . or Enter, or press ? or * to list all spells.
Aiming: Ensorcelled Hibernation (safe; 14% risk of failure)
Press: ? - help, Shift-Dir - straight line, f - orc
Aim: an orc, wielding a +0 club (chance to affect: 56%)
The orc looks drowsy...
The orc wizard casts a spell.
The orc wizard flickers and vanishes!
Deactivating autopickup; reactivate with Ctrl-A.
The helpless orc fails to defend itself.
You impale the orc!!
You kill the orc!
A magic dart appears from out of thin air!
The magic dart hits you.
A magic dart appears from out of thin air!
The magic dart hits you.
A puff of flame appears from out of thin air!
The puff of flame hits you!
Ouch! That really hurt!
You die...

...##........# #...# ##
#.##.....##...#...#####
####.##.....##.#.#......†#
#.......###........#.###.#
#....##.###..##....#.....#
#....##.#..........#..####
#....##.###.#...#.##..###
#######.#.......#.......#
#.#..#.@###....##.######
#.#............##.#.....
#.##..###.#.##.#..#.###.
#.##......#....#.##...#.
#..{.###### #.##...#.
###### #....###.
######.####. #...........
#......#####


There were no monsters in sight!

Vanquished Creatures
  2 adders (D:2)
  A dart slug (D:1)
  2 orcs (D:3)
  3 bats
  An endoplasm (D:2)
  3 giant cockroaches
  A goblin (D:2)
  A hobgoblin (D:2)
  2 quokkas
  A ball python (D:1)
  2 frilled lizards (D:2)
  A kobold (D:1)
  2 rats (D:3)
22 creatures vanquished.

Vanquished Creatures (others)
  5 plants (D:3)
5 creatures vanquished.

Grand Total: 27 creatures vanquished

Notes
Turn   | Place    | Note
-------+----------+-------------------------------------------
     0 | D:1      | zeram the Kobold Enchanter began the quest for the Orb.
     0 | D:1      | Reached XP level 1. HP: 10/10 MP: 3/3
   579 | D:1      | Reached XP level 2. HP: 3/15 MP: 5/5
  1477 | D:2      | Learned a level 2 spell: Ensorcelled Hibernation
  1576 | D:2      | Reached skill level 5 in Stealth
  1601 | D:2      | Reached XP level 3. HP: 19/19 MP: 6/6
  1700 | D:2      | Found a faded altar of an unknown god.
  2240 | D:1      | Identified a scroll of acquirement
  2240 | D:1      | Acquired 825 gold pieces
  2378 | D:3      | Killed from afar by an orc wizard

Illustrated notes

Levels and vault maps discovered:
D:1:      tarquinn_simple_flora_water_d, layout_basic
D:2:      layout_rooms, dreamdust_ecumenical_altar_hidden_monk_grotto
D:3:      layout_basic, nicolae_hepliaklqana_hazy_memory

Skill      XL: |  1  2 |
---------------+-------+-----
Stealth        | 5 |  5.8
Short Blades   | |  1.3
Dodging        | |  2.4
Spellcasting   | |  2.7
Hexes          | |  3.0

Action                   || total
-------------------------++-------
Melee: Dagger            ||    74
 Cast: Ensorcelled Hiber ||     5
  Use: Scroll            ||     8
       Potion            ||     2
 Stab: Sleeping          ||    17
Armor: Robe              ||     9
Dodge: Dodged            ||    51
